 Dungeon Crawl Stone Soup version 0.30-a0-996-ga6910c8ee8 (webtiles) character file.

Game seed: 3964716625346225904

76745 jasper the Slayer (level 15, -3/187 HPs)
             Began as an Ogre Cinder Acolyte on Apr 4, 2023.
             Was a Priest of Ignis.
             Slain by an orc warrior
             ... wielding a +0 halberd
              (10 damage)
             ... on level 1 of the Orcish Mines.
             The game lasted 00:32:27 (18796 turns).

jasper the Slayer (Ogre Cinder Acolyte)            Turns: 18796, Time: 00:32:28

Health: -3/187     AC: 27    Str: 28    XL:     15   Next: 54%
Magic:  16/16      EV:  6    Int: 21    God:    Ignis [***...]
Gold:   1670       SH:  0    Dex: 11    Spells: 16/16 levels left

rFire   + + .      SeeInvis .    N - +5 giant spiked club (freeze)
rCold   + . .      Faith    .    (shield currently unavailable)
rNeg    + + +      Spirit   .    n - +0 shadow dragon scales of Undesirable Species {Contam *Slow rN+++ Int+3 Stlth++++}
rPois   .          Reflect  .    C - +2 hat of the Turtle {Regen+ Dex+4}
rElec   .          Rampage  .    E - +0 cloak
rCorr   .                        (gloves unavailable)
Will    +....                    (boots unavailable)
Stlth   ++                       s - amulet of the acrobat
HPRegen 1.31/turn                e - ring of protection from fire
MPRegen 0.15/turn                r - ring "Dodeffil" {*Slow rC+ Int+3 Dex+3 Slay+3}

@: lethally poisoned (-3 -> -13), fiery-armoured, slowed, very slow
A: large, unfitting armour, tough skin 1
a: Renounce Religion, Fiery Armour, Foxfire Swarm, Rising Flame


You were on level 1 of the Orcish Mines.
You worshipped Ignis.
Ignis was most pleased with you.
You visited 4 branches of the dungeon, and saw 20 of its levels.
You also visited: Sewer and Bailey.

You collected 2591 gold pieces.
You spent 921 gold pieces at shops.

Inventory:

Hand Weapons
 D - a +3 spectral giant club
 N - a +5 giant spiked club of freezing (weapon)
 W - the +8 whip of Slime {antimagic, rPois Dex+2}
   (You found it on level 5 of the Lair of Beasts)

   Dex:       It affects your dexterity (+2).
   rPois:     It protects you from poison.
Missiles
 a - 21 large rocks
 h - 19 boomerangs (quivered)
 i - 4 boomerangs of dispersal
 l - 4 silver boomerangs
 p - 58 poisoned darts
 t - 5 throwing nets
 T - 6 datura-tipped darts
 V - 7 atropa-tipped darts
Armour
 n - the +0 shadow dragon scales of Undesirable Species (worn) {Contam *Slow rN+++ Int+3 Stlth++++}
   (You acquired it on level 5 of the Dungeon)

   Int:       It affects your intelligence (+3).
   rN:        It renders you almost immune to negative energy.
   Contam:    It causes magical contamination when unequipped.
   *Slow:     It may slow you when you take damage.
   Stlth:     It makes you much more stealthy.
 C - the +2 hat of the Turtle (worn) {Regen+ Dex+4}
   (You acquired it on level 6 of the Dungeon)

   Dex:       It affects your dexterity (+4).
   Regen:     It increases your rate of health regeneration.
 E - a +0 cloak (worn)
 Q - +0 swamp dragon scales
Jewellery
 e - a ring of protection from fire (left hand)
 r - the ring "Dodeffil" (right hand) {*Slow rC+ Int+3 Dex+3 Slay+3}
   (You acquired it on level 5 of the Lair of Beasts)

   [ring of protection from cold]

   Int:       It affects your intelligence (+3).
   Dex:       It affects your dexterity (+3).
   Slay:      It affects your accuracy & damage with ranged weapons and melee
   (+3).
   rC:        It protects you from cold.
   *Slow:     It may slow you when you take damage.
 s - an amulet of the acrobat (around neck)
 v - a ring of positive energy
 A - a ring of willpower
 B - a ring of wizardry
 P - a ring of protection from fire
 U - a ring of protection from fire
 Z - a ring of willpower
Wands
 b - a wand of quicksilver (6)
 J - a wand of digging (4)
 K - a wand of charming (20)
 X - a wand of polymorph (17)
 Y - a wand of flame (8)
Scrolls
 f - 2 scrolls of fog
 o - 6 scrolls of teleportation
 u - 4 scrolls of magic mapping
 w - a scroll of poison
 x - a scroll of immolation
 y - 2 scrolls of silence
 F - 6 scrolls of fear
 L - a scroll of identify
 O - 5 scrolls of blinking
 S - 2 scrolls of enchant armour
Potions
 c - 8 potions of attraction
 d - 4 potions of mutation
 g - a potion of magic
 j - 2 potions of flight
 k - a potion of berserk rage
 m - 3 potions of heal wounds
 q - 2 potions of lignification
 z - 5 potions of haste
 G - 2 potions of curing
 H - 3 potions of cancellation
 I - 3 potions of might
 M - a potion of ambrosia
 R - 2 potions of brilliance


   Skills:
 + Level 21.0 Fighting
 * Level 15.3 Maces & Flails
 - Level 10.0 Throwing
 + Level 9.5 Armour
 - Level 1.2 Spellcasting
 - Level 2.6 Fire Magic


You had 16 spell levels left.
You didn't know any spells.
Your spell library contained the following spells:

 Spells                   Type           Power      Damage    Failure   Level
 Scorch                   Fire           24%        2d6       34%         2
 Apportation              Tloc           2%         N/A       56%         1
 Necrotise                Necr           4%         1d4       56%         1
 Summon Small Mammal      Summ           4%         N/A       56%         1
 Blink                    Tloc           2%         N/A       71%         2
 Lesser Beckoning         Tloc           2%         N/A       71%         2
 Momentum Strike          Conj/Tloc      2%         3d8       71%         2
 Static Discharge         Conj/Air       2%         2-3/arc   71%         2
 Call Canine Familiar     Summ           1%         N/A       91%         3
 Hailstorm                Conj/Ice       1%         3d3       91%         3
 Summon Guardian Golem    Hex/Summ       1%         N/A       91%         3
 Vampiric Draining        Necr           1%         2d6       91%         3
 Airstrike                Air            0%         2d(1-17)  100%        4
 Anguish                  Hex/Necr       0%         N/A       100%        4
 Animate Dead             Necr           1%         N/A       100%        4
 Ice Form                 Ice/Tmut       1%         N/A       100%        4
 Petrify                  Tmut/Erth      1%         N/A       100%        4
 Summon Lightning Spire   Summ/Air       1%         N/A       100%        4
 Agony                    Necr           1%         N/A       100%        5
 Borgnjor's Vile Clutch   Necr/Erth      0%         N/A       100%        5
 Freezing Cloud           Conj/Ice/Air   0%         6-21      100%        5
 Metabolic Englaciation   Hex/Ice        0%         N/A       100%        5
 Death Channel            Necr           0%         N/A       100%        6
 Simulacrum               Ice/Necr       0%         N/A       100%        6
 Statue Form              Tmut/Erth      0%         N/A       100%        6
 Enfeeble                 Hex            0%         N/A       100%        7
 Polar Vortex             Ice            0%         N/A       100%        9


Dungeon Overview and Level Annotations

Branches:
Dungeon (12/15)            Temple (0/1) D:4            Lair (5/5) D:11
  Swamp (1/4) Lair:3        Snake (0/4) Lair:3        Slime (0/5) Lair:4
    Orc (2/2) D:12            Elf (0/3) Orc:2         Sewer (visited)
 Bailey (visited)

Altars:
Ashenzari
Cheibriados
Dithmenos
Elyvilon
Gozag
Kikubaaqudgha
Makhleb
Nemelex Xobeh
Sif Muna
Trog
Uskayaw
Vehumet
Wu Jian
Xom
Jiyva

Shops:
D:5 *   D:7 !   D:11 (   Orc:1 **   Orc:2 :=!([

Annotations:
D:6 2 transporters
D:8 Amaemon
Lair:5 1 runed translucent door, exclusion: 3 doors, Rupert
Orc:1 kazekaze's ghost, journeyman MiBe


Innate Abilities, Weirdness & Mutations

You are too large for most types of armour.
You have tough skin. (AC +1)


Message History

Kazekaze's ghost hits you but does no damage.
You are more poisoned.
The orc warrior hits you but does no damage.
You take 7 damage, and have 7/187 hp.
You feel much better.
You feel extremely sick. Kazekaze's ghost hits you.
* * * LOW HITPOINT WARNING * * *
The orc warrior hits you from afar with a +0 halberd.
* * * LOW HITPOINT WARNING * * *
You regained 7 hp, and now have 14/187 hp.
Your magic is already full.
You feel better. Kazekaze's ghost barely misses you.
The orc warrior hits you from afar with a +0 halberd.
* * * LOW HITPOINT WARNING * * *
Kazekaze's ghost hits you.
* * * LOW HITPOINT WARNING * * *
You are poisoned.
The orc warrior barely misses you.
You feel better.
Kazekaze's ghost hits you but does no damage.
The orc warrior hits you from afar with a +0 halberd!
* * * LOW HITPOINT WARNING * * *
You take 1 damage, and have 14/187 hp.
You feel much better. Kazekaze's ghost hits you!
* * * LOW HITPOINT WARNING * * *
You are poisoned.
The orc warrior hits you from afar with a +0 halberd.
* * * LOW HITPOINT WARNING * * *
Kazekaze's ghost hits you!!
* * * LOW HITPOINT WARNING * * *
The orc warrior hits you but does no damage.
You take 9 damage, and have 5/187 hp.
You feel much better.
You feel very sick. Kazekaze's ghost hits you!!
* * * LOW HITPOINT WARNING * * *
You are lethally poisoned!
The orc warrior hits you from afar with a +0 halberd!
You die...

#.................#
##.#.............##
##..............##
#................##
##....#...###......#
#....###..........##
##..## ##.....##...#
#...# ##.#.#####.##
##.####@..## ###
#....#W#.##
##..ho..## ##.O#.##
### ######...###
##∩8.##..#.)...#
#.$..$#.....#.##
#8.$$.'.)))####
#∩.8_.'..).#


You could see a warg, an orc warrior, an ogre and kazekaze's ghost.

Vanquished Creatures
  2 orc warlords (Orc:2)
  Nessos (Orc:2)
  An ettin (Orc:2)
  Josephine (D:12)
  4 hydras
  2 ogre magi (Orc:2)
  Fannar (Lair:1)
  13 death yaks
  An alligator (Lair:5)
  12 two-headed ogres
  Nergalle (D:11)
  2 fire crabs (D:10)
  2 deep trolls (Orc:2)
  A swamp dragon (Swamp:1)
  5 orc knights
  3 orc sorcerers
  A will-o-the-wisp (Lair:3)
  5 cyclopes
  9 elephants (Lair:5)
  7 black mambas
  A torpor snail (Lair:5)
  14 cane toads
  An unseen horror (D:11)
  3 rime drakes
  8 komodo dragons
  3 kobold demonologists (D:10)
  2 polar bears (Lair:5)
  17 trolls
  2 hornets (D:10)
  3 blink frogs (Lair:4)
  A dream sheep (Lair:3)
  A shadow (D:12)
  Sigmund (D:5)
  4 wraiths
  67 yaks
  3 wyverns
  4 basilisks
  A human (Lair:5)
  A steam dragon (D:8)
  6 wargs
  3 swamp worms (Swamp:1)
  3 acid dragons (D:11)
  A naga (Lair:3)
  19 water moccasins
  5 black bears
  An ice beast (D:5)
  A swamp drake (Swamp:1)
  22 ogres
  23 orc warriors
  22 wolves
  5 centaurs
  A phantom (D:6)
  Blork the orc (D:6)
  A gnoll sergeant (D:12)
  10 bullfrogs
  7 kobold brigands
  4 scorpions
  4 wights (D:7)
  18 killer bees
  6 howler monkeys
  A jelly (D:5)
  A lava snake (Orc:1)
  Crazy Yiuf (D:6)
  14 orc priests
  2 hounds
  3 iguanas
  A sleepcap (D:5)
  2 hell rats (Lair:4)
  20 orc wizards
  11 gnolls
  6 adders
  17 river rats
  A shadow imp (D:7)
  4 white imps
  3 ufetubi
  3 worms
  4 dart slugs
  81 orcs
  15 ball pythons
  3 bats
  6 endoplasms
  12 giant cockroaches
  12 goblins
  10 hobgoblins
  3 jackals (D:2)
  8 quokkas
  3 training dummies (D:11)
  7 frilled lizards
  27 kobolds
  11 rats
666 creatures vanquished.

Vanquished Creatures (collateral kills)
  2 orc warriors (Bailey)
  A kobold brigand (Bailey)
3 creatures vanquished.

Vanquished Creatures (others)
  2 demonic plants (D:8)
  4 foxfires (Lair:3)
  18 fungi
  28 plants
  8 withered plants (Lair:5)
60 creatures vanquished.

Grand Total: 729 creatures vanquished

Notes
Turn   | Place    | Note
-------+----------+-------------------------------------------
     0 | D:1      | jasper the Ogre Cinder Acolyte began the quest for the Orb.
     0 | D:1      | Reached XP level 1. HP: 24/24 MP: 2/2
   122 | D:1      | Reached XP level 2. HP: 32/32 MP: 3/3
   597 | D:1      | Reached XP level 3. HP: 22/40 MP: 4/4
   973 | D:2      | Found a faded altar of an unknown god.
  1367 | D:2      | Reached XP level 4. HP: 49/49 MP: 5/5
  2155 | D:3      | Reached skill level 5 in Fighting
  2156 | D:3      | Found a glowing drain.
  2172 | Sewer    | Entered a sewer
  2405 | Sewer    | Reached XP level 5. HP: 57/57 MP: 6/6
  2744 | Sewer    | Reached skill level 16 in Fighting
  2744 | Sewer    | Reached XP level 6. HP: 50/92 MP: 7/7
  3091 | D:3      | Found a bloodstained altar of Trog.
  3276 | D:3      | Found a white marble altar of Elyvilon.
  3448 | D:4      | Found a burning altar of Makhleb.
  3942 | D:4      | Found a staircase to the Ecumenical Temple.
  4046 | D:4      | Reached XP level 7. HP: 94/101 MP: 8/8
  4149 | D:4      | Reached skill level 5 in Maces & Flails
  4395 | D:5      | Entered Level 5 of the Dungeon
  4416 | D:5      | Reached skill level 1 in Throwing
  4420 | D:5      | Identified a scroll of acquirement
  4477 | D:5      | Acquired the +0 shadow dragon scales of Undesirable Species
                  | {Contam *Slow rN+++ Int+3 Stlth++++}
  4568 | D:5      | Noticed Sigmund
  4578 | D:5      | Killed Sigmund
  4691 | D:5      | Found an ancient bone altar of Kikubaaqudgha.
  4699 | D:5      | Found a radiant altar of Vehumet.
  4780 | D:5      | Reached skill level 1 in Armour
  4897 | D:5      | Reached XP level 8. HP: 106/110 MP: 9/9
  4947 | D:5      | Found Itorchesk's Assorted Antiques.
  4947 | D:5      | Found a sparkling altar of Nemelex Xobeh.
  4965 | D:5      | Bought a diamond ring for 125 gold pieces
  5203 | D:5      | Identified the +2 chain mail of Past Mistakes {Str+2}
  5345 | D:5      | Found a shimmering blue altar of Sif Muna.
  5350 | D:5      | Got Sif Muna's Parchment of Angles
  5999 | D:6      | Found a runed translucent door.
  6000 | D:6      | Noticed Crazy Yiuf
  6165 | D:6      | Found a shimmering altar of Xom.
  6226 | D:6      | Noticed Blork the orc
  6241 | D:6      | Killed Blork the orc
  6242 | D:6      | Reached XP level 9. HP: 103/119 MP: 10/10
  6446 | D:6      | Found a transporter.
  6522 | D:6      | Found a transporter.
  6587 | D:6      | Acquired a +3 spectral giant club
  6589 | D:6      | Acquired the +2 hat of the Turtle {Regen+ Dex+4}
  6707 | D:6      | Killed Crazy Yiuf
  6886 | D:7      | Found Qaihudi's Distillery.
  6894 | D:7      | Bought a potion of haste for 130 gold pieces
  6894 | D:7      | Bought a potion of curing for 39 gold pieces
  7126 | D:7      | Noticed a troll
  7135 | D:7      | Killed a troll
  7376 | D:8      | Found a broken altar of Ashenzari.
  7406 | D:8      | Reached XP level 10. HP: 122/130 MP: 11/11
  7528 | D:8      | Reached skill level 17 in Fighting
  7578 | D:8      | Noticed a two-headed ogre
  7581 | D:8      | Identified the +1 robe of the Skies Above {Dex+5}
  7582 | D:8      | Killed a two-headed ogre
  7801 | D:8      | Noticed a two-headed ogre
  7812 | D:8      | Killed a two-headed ogre
  7891 | D:8      | Noticed Amaemon
  7891 | D:8      | Noticed an orange demon
  8008 | D:9      | Reached skill level 5 in Throwing
  8050 | D:9      | Reached XP level 11. HP: 127/139 MP: 12/12
  8057 | D:9      | Found an opulent altar of Gozag.
  8730 | D:10     | Entered Level 10 of the Dungeon
  8762 | D:10     | Found a flagged portal.
  8791 | Bailey   | Entered a bailey
  8901 | Bailey   | Found an iron altar of Okawaru.
  9183 | D:10     | Noticed a two-headed ogre
  9187 | D:10     | Killed a two-headed ogre
  9342 | D:10     | Found a faded altar of an unknown god.
  9342 | D:10     | Found a shadowy altar of Dithmenos.
  9350 | D:10     | Found an ornate altar of the Wu Jian Council.
  9352 | D:10     | Found a hide-covered altar of Uskayaw.
  9354 | D:10     | Found a snail-covered altar of Cheibriados.
  9448 | D:10     | Found a transporter.
  9452 | D:10     | Noticed a fire crab
  9454 | D:10     | Noticed an orc sorcerer
  9461 | D:10     | Found a transporter.
  9470 | D:10     | Noticed a fire crab
  9821 | D:10     | Killed a fire crab
  9822 | D:10     | Reached skill level 5 in Armour
  9826 | D:10     | Killed a fire crab
  9882 | D:10     | Paralysed by an orc sorcerer for 3 turns
  9887 | D:10     | Killed an orc sorcerer
  9888 | D:10     | Reached skill level 18 in Fighting
  9976 | D:11     | Noticed Nergalle
  9986 | D:11     | Killed Nergalle
  9987 | D:11     | Reached skill level 10 in Maces & Flails
  9987 | D:11     | Reached XP level 12. HP: 73/150 MP: 13/13
 10096 | D:11     | Found Toopnocs's Firing Range.
 10106 | D:11     | Bought a throwing net for 48 gold pieces
 10106 | D:11     | Bought a throwing net for 48 gold pieces
 10106 | D:11     | Bought 4 boomerangs for 128 gold pieces
 10196 | D:11     | Noticed a two-headed ogre
 10204 | D:11     | Killed a two-headed ogre
 10696 | D:11     | Found a staircase to the Lair.
 10801 | Lair:1   | Entered Level 1 of the Lair of Beasts
 10916 | Lair:1   | Noticed Fannar
 10918 | Lair:1   | Killed Fannar
 11638 | Lair:2   | Noticed a five-headed hydra
 11657 | Lair:2   | Killed a five-headed hydra
 12079 | Lair:2   | Reached XP level 13. HP: 161/161 MP: 14/14
 12499 | Lair:3   | Found a staircase to the Snake Pit.
 12585 | Lair:3   | Found a staircase to the Swamp.
 13394 | Swamp:1  | Entered Level 1 of the Swamp
 13517 | Swamp:1  | Reached skill level 19 in Fighting
 13534 | Swamp:1  | Noticed a bunyip
 13958 | Lair:4   | HP: 8/162 [yak (7)]
 14123 | Lair:4   | Found a staircase to the Slime Pits.
 14147 | Lair:4   | Found a viscous altar of Jiyva.
 14252 | Lair:5   | Entered Level 5 of the Lair of Beasts
 14577 | Lair:5   | Reached XP level 14. HP: 84/172 MP: 15/15
 14872 | Lair:5   | Identified the +8 whip of Slime {antimagic, rPois Dex+2}
 15176 | Lair:5   | Found a runed translucent door.
 15184 | Lair:5   | Noticed Rupert
 15255 | Lair:5   | Reached skill level 20 in Fighting
 15257 | Lair:5   | Reached skill level 10 in Throwing
 15592 | Lair:5   | Acquired the ring "Dodeffil" {*Slow rC+ Int+3 Dex+3 Slay+3}
 16322 | D:12     | Found a staircase to the Orcish Mines.
 16368 | D:12     | Noticed Josephine
 16377 | D:12     | Killed Josephine
 16650 | Orc:1    | Entered Level 1 of the Orcish Mines
 17028 | Orc:2    | Entered Level 2 of the Orcish Mines
 17107 | Orc:2    | Found Suna's Antique Armour Shop.
 17128 | Orc:2    | Found a staircase to the Elven Halls.
 17148 | Orc:2    | Noticed Nessos
 17159 | Orc:2    | Killed Nessos
 17345 | Orc:2    | Found Ruagink's Distillery.
 17381 | Orc:2    | Reached XP level 15. HP: 50/184 MP: 16/16
 17634 | Orc:2    | Found Xiagot's Book Boutique.
 17636 | Orc:2    | Found Degips's Weapon Shoppe.
 17637 | Orc:2    | Bought a potion of curing for 39 gold pieces
 17637 | Orc:2    | Bought a potion of heal wounds for 65 gold pieces
 17637 | Orc:2    | Bought a potion of might for 52 gold pieces
 17637 | Orc:2    | Bought a potion of curing for 39 gold pieces
 17637 | Orc:2    | Bought a potion of cancellation for 104 gold pieces
 17637 | Orc:2    | Bought a potion of cancellation for 104 gold pieces
 17644 | Orc:2    | Found Okhleu's Jewellery Shop.
 17789 | Orc:2    | Noticed an orc warlord
 17816 | Orc:2    | Killed an orc warlord
 17817 | Orc:2    | Reached skill level 15 in Maces & Flails
 17983 | Orc:2    | Noticed an orc warlord
 17998 | Orc:2    | Killed an orc warlord
 18021 | Orc:2    | Reached skill level 21 in Fighting
 18218 | Orc:2    | Identified the staff of fire "Gulaozucs" {rF+ rN+ Will+++
                  | Str-2 Dex-3}
 18667 | Orc:1    | Found a runed translucent gate.
 18667 | Orc:1    | Found a runed translucent gate.
 18667 | Orc:1    | Found a runed translucent gate.
 18671 | Orc:1    | Noticed kazekaze's ghost (journeyman MiBe)
 18672 | Orc:1    | Found an opulent altar of Gozag.
 18756 | Orc:1    | Found Yjoymag's Assorted Antiques.
 18757 | Orc:1    | Found Bytiep's Assorted Antiques.
 18782 | Orc:1    | HP: 4/187 [kazekaze's ghost (13)]
 18791 | Orc:1    | HP: 7/187 [kazekaze's ghost (17)]
 18796 | Orc:1    | HP: 7/187 [kazekaze's ghost (19)]
 18796 | Orc:1    | Slain by an orc warrior

Illustrated notes

Levels and vault maps discovered:
D:1:      lightli_arrival_quake, layout_loops_cross
D:2:      layout_basic, hellmonk_ecumenical_altar_slurped_away
D:3:      layout_rooms, elyvilon_altar_3, mainiacjoe_overflow_cross_hatched,
          gup_sewer_entry_pipe
D:4:      layout_basic, overflow_temple_1_default, minmay_temple_entry_slanted
D:5:      wad_woods_tower, layout_basic, grunt_temple_overflow_magic_moments,
          mainiacjoe_overflow_paths, serial_shops, shop, serial_bayou_crossing,
          uniq_sigmund
D:6:      gammafunk_cloud_chamber, layout_cave_pools, xom_butterflies,
          corexii_shack, uniq_crazy_yiuf_cottage, uniq_blork_the_orc
D:7:      layout_loops_ring, serial_shops, shop
D:8:      layout_loops_ring, nicolae_ashenzari_panopticon, serial_demonic,
          serial_demonic_b, serial_demonic_a, serial_demonic_b,
          serial_demonic_a, uniq_amaemon
D:9:      layout_irregular_city, nicolae_gozag_seed_capital,
          kennysheep_generic_room_10
D:10:     gammafunk_wand_slinger, layout_basic,
          chequers_temple_overflow_minitemple, enter_bailey_5
D:11:     layout_rooms, erik_lair_dragon, nicolae_shop_firing_range,
          uniq_nergalle
D:12:     layout_basic, david_orc_2, uniq_josephine
Lair:1:   layout_regular_city, beast_lair_carwin_6, infiniplex_staircase_pool,
          grunt_megastairs_3, uniq_fannar
Lair:2:   layout_loops_ring, st_stairs_12, grunt_megastairs_1
Lair:3:   layout_cave_pods, minmay_swamp_entry_wisps,
          guppyfry_snake_entry_island, st_stairs_7, minivault_24,
          nicolae_quartered_pool_impasse
Lair:4:   layout_cave_shapes, slime_entry_1, kennysheep_rathole,
          lemuel_fruit_fields
Lair:5:   due_jungle_book, layout_regular_city, pdpol_lair_cabin_in_the_woods
Swamp:1:  layout_falls_marsh, nicolae_swamp_some_circles, uniq_donald
Orc:1:    layout_caves, ebering_ghost_gozag, nicolae_orc_lava_tube
Orc:2:    st_orc_open, layout_diamond_mine, serial_shops, shop,
          hellmonk_bongcloud_opening, minmay_orc_treasury, uniq_nessos

Skill      XL: |  1  2  3  4  5  6  7  8  9 10 11 12 13 14 15 |
---------------+----------------------------------------------+-----
Maces & Flails | 3 4 5 6 7 8 10 11 12 14 15 | 15.3
Fighting       | 5 16 17 18 19 20 21 | 21.0
Throwing       | 1 2 3 5 6 8 9 10 | 10.0
Armour         | 1 2 4 5 6 7 8 9 |  9.5
Spellcasting   | |  1.2
Fire Magic     | |  2.6

Action                     |  1- 3 |  4- 6 |  7- 9 | 10-12 | 13-15 || total
---------------------------+-------+-------+-------+-------+-------++-------
  Melee: Mace              |   110 |   119 |       |       |       ||   229
         Punch             |     1 |       |     1 |       |       ||     2
         Flail             |       |    69 |    19 |       |       ||    88
         Morningstar       |       |       |   104 |       |       ||   104
         Giant club        |       |       |   122 |   285 |   160 ||   567
         Giant spiked club |       |       |       |       |   351 ||   351
  Throw: Stone             |       |    25 |     4 |       |       ||    29
         Dart              |       |       |     1 |     1 |       ||     2
         Boomerang         |       |       |       |   125 |   386 ||   511
         Large rock        |       |       |       |       |     5 ||     5
 Invoke: Fiery Armour      |       |     1 |       |     1 |     4 ||     6
  Evoke: Wand              |       |       |       |    10 |     2 ||    12
    Use: Scroll            |       |    12 |    12 |     3 |    10 ||    37
         Potion            |       |     1 |       |       |    21 ||    22
   Stab: Sleeping          |       |       |     4 |       |     1 ||     5
         Distracted        |       |       |       |       |     1 ||     1
 Armour: Robe              |    43 |    49 |     1 |       |       ||    93
         Shadow dragon sca |       |       |   175 |   338 |   448 ||   961
  Dodge: Dodged            |    68 |    92 |    67 |   157 |   281 ||   665

Table legend: (Time is in decaauts)
 A = Elapsed time spent in this place.
 B = Non-inter-level travel time spent in this place.
 C = Inter-level travel time spent in this place.
 D = Time resting spent in this place.
 E = Time spent auto-exploring this place.
 F = Levels seen in this place.
 G = Mean time per level.
                   A        B        C        D        E       F      G
               +--------+--------+--------+--------+--------+-----+--------+
         Total |  18976 |  18245 |    731 |    973 |  12927 |  22 |  862.5 |
       Dungeon |  10900 |  10408 |    492 |    454 |   7637 |  12 |  908.3 |
          Lair |   5008 |   4810 |    198 |    235 |   3514 |   5 | 1001.6 |
         Swamp |     37 |     37 |      0 |      0 |      0 |   1 |   37.0 |
  Orcish Mines |   2132 |   2092 |     40 |    185 |   1337 |   2 | 1066.0 |
         Sewer |    742 |    742 |      0 |     98 |    398 |   1 |  742.0 |
        Bailey |    155 |    155 |      0 |      0 |     41 |   1 |  155.0 |
               +--------+--------+--------+--------+--------+-----+--------+

Top non-repeatable levels by time:
  Lair:5: 1526 daAuts
   Orc:2: 1383 daAuts
     D:5: 1309 daAuts
  Lair:3: 1163 daAuts
     D:2: 1159 daAuts
    D:10: 1106 daAuts
     D:6: 1093 daAuts
     D:4: 962 daAuts
     D:1: 945 daAuts
  Lair:2: 922 daAuts
    D:11: 903 daAuts
     D:9: 827 daAuts
  Lair:1: 811 daAuts
    D:12: 751 daAuts
   Orc:1: 748 daAuts
